Map: Romanticide LE

Players

INnoVation - Winner!

  • Race: Terran Terran
  • League: Master

SpeCial

  • Race: Terran Terran
  • League: Master

Event: DreamHack SC2 Masters 2021 Summer

VOD

Have the link to the VOD?

Description

Time

  • Played on: July 2, 2021, 10:21 a.m.
  • Length: 16:50

All games in this series

Show
View Real Time Build Order
Export as new Build Order

INnoVation Terran - Winner!

Build Orders: Cyclone Opening 

Get SALT Encoding   

  12  0:00  SCV  
  13  0:12  SCV  
  14  0:17  Supply Depot  
  14  0:24  SCV  
  15  0:38  SCV  
  15  0:40  Barracks  
  16  0:42  Refinery  
  16  0:50  SCV  
  16  0:52  Refinery  
  17  1:03  SCV  
  18  1:15  SCV  
  19  1:26  Reaper  
  19  1:27  Orbital Command, Supply Depot  
  20  1:41  Factory  
  20  1:52  SCV  
  21  1:58  Reaper  
  22  2:04  SCV  
  23  2:16  Command Center  
  23  2:17  SCV  
  24  2:25  Hellion  
  24  2:29  SCV  
  27  2:31  Barracks Tech Lab  
  27  2:36  Supply Depot  
  27  2:41  SCV  
  28  2:48  Starport  
  28  2:54  Cyclone  
  28  2:58  SCV  
  32  3:10  SCV  
  32  3:12  Barracks Tech Lab  
  33  3:19  Refinery  
  33  3:22  SCV  
  34  3:29  Orbital Command  
  34  3:32  Refinery, Raven  
  36  3:34  SCV  
  40  3:41  Cyclone  
  40  3:46  SCV  
  41  3:55  SCV  
  42  3:58  SCV  
  43  4:07  Supply Depot  
  43  4:08  SCV  
  44  4:10  SCV  
  44  4:15  Raven  
  44  4:16  Siege Tank  
  50  4:20  SCV  
  50  4:22  Barracks Reactor, SCV  
  52  4:31  Factory  
  52  4:32  SCV, Supply Depot  
  52  4:34  SCV  
  54  4:44  SCV  
  55  4:47  SCV  
  55  4:48  Siege Tank  
  59  4:54  Supply Depot  
  59  4:56  SCV  
  59  4:59  SCV  
  61  5:07  Viking x2  
  61  5:09  SCV  
  61  5:11  SCV  
  65  5:20  Supply Depot  
  65  5:22  SCV, Siege Tank  
  65  5:23  SCV  
  65  5:25  Siege Tank  
  73  5:30  Command Center  
  73  5:37  Viking x2  
  73  5:39  SCV  
  73  5:40  SCV  
  77  5:49  Supply Depot  
  77  5:54  SCV x2  
  79  5:57  Siege Tank  
  79  5:58  Siege Tank  
  83  6:06  SCV x2  
  83  6:07  Supply Depot  
  83  6:09  Viking  
  86  6:13  Viking  
  88  6:23  SCV x2  
  90  6:27  Supply Depot  
  90  6:31  Siege Tank  
  93  6:35  SCV  
  93  6:36  SCV  
  95  6:43  Refinery, Orbital Command  
  95  6:45  Refinery  
  93  6:47  Viking  
  93  6:51  SCV x2  
  97  6:55  Siege Tank  
  100  7:01  Supply Depot  
  100  7:05  SCV x2, Viking  
  104  7:20  Viking  
  104  7:21  SCV x2  
  99  7:34  SCV x2  
  99  7:35  Viking  
  101  7:37  SCV  
  102  7:46  SCV  
  102  7:47  SCV  
  102  7:49  SCV  
  102  7:50  Viking  
  107  7:53  Armory, Supply Depot, Siege Tank  
  107  7:54  Siege Tank  
  107  7:55  Armory, Supply Depot  
  113  8:05  Viking  
  115  8:10  SCV x3  
  112  8:20  Viking  
  112  8:26  SCV x2  
  112  8:27  SCV  
  115  8:30  Siege Tank x2  
  115  8:32  Factory x2  
  115  8:33  Factory  
  121  8:37  Viking  
  115  8:53  Viking  
  106  9:02  Siege Tank x2, Terran Vehicle Weapons Level 1  
  113  9:05  Terran Vehicle And Ship Armor Level 1  
  113  9:07  Viking  
  112  9:10  Command Center  
  112  9:17  Factory Tech Lab x2  
  112  9:18  Factory Reactor, Engineering Bay  
  112  9:24  Viking  
  112  9:29  Supply Depot  
  114  9:36  Viking  
  114  9:39  SCV x3  
  116  9:47  Sensor Tower  
  116  9:51  SCV x3, Sensor Tower  
  119  9:57  Missile Turret  
  119  9:58  Missile Turret  
  119  9:59  Viking, Siege Tank x2  
  127  10:06  Viking  
  129  10:10  Siege Tank  
  129  10:11  SCV x2, Missile Turret  
  134  10:16  Refinery  
  134  10:17  Refinery  
  134  10:19  Siege Tank  
  137  10:24  Orbital Command  
  137  10:26  Hellion  
  139  10:32  Viking  
  141  10:36  Viking  
  143  10:45  Siege Tank x2  
  143  10:47  Hellion x2  
  153  10:51  Siege Tank  
  156  11:01  Terran Vehicle Weapons Level 2  
  156  11:03  Terran Vehicle And Ship Armor Level 2  
  156  11:05  Command Center  
  156  11:09  Hellion  
  156  11:10  Hellion  
  160  11:11  Viking  
  160  11:15  Viking  
  160  11:27  Siege Tank x2  
  160  11:28  Siege Tank  
  160  11:32  Hellion  
  171  11:48  Supply Depot  
  171  11:49  Supply Depot  
  171  11:51  Hellion, Liberator x2  
  179  12:08  Siege Tank  
  179  12:10  Hellion, Siege Tank  
  179  12:12  SCV x3  
  179  12:13  Hellion  
  179  12:15  Siege Tank x2  
  192  12:17  SCV  
  192  12:19  Planetary Fortress  
  192  12:22  Refinery  
  180  12:24  SCV x3  
  180  12:27  Refinery  
  183  12:32  SCV  
  183  12:34  Viking x2  
  183  12:36  SCV x3  
  191  12:40  Siege Tank  
  194  12:48  Siege Tank x2  
  200  12:52  Factory  
  200  12:54  Factory  
  200  12:55  Factory  
  200  13:01  Infernal Pre-Igniter  
  177  13:12  Siege Tank  
  177  13:13  Siege Tank  
  169  13:20  Siege Tank  
  169  13:22  Viking x2  
  170  13:29  Siege Tank  
  170  13:30  Hellion x2  
  168  13:37  Factory Tech Lab  
  168  13:38  Factory Reactor  
  168  13:39  Factory Reactor  
  166  13:42  SCV x3  
  166  13:45  Siege Tank  
  172  13:53  Liberator x2  
  178  14:02  Terran Vehicle And Ship Armor Level 3, Terran Vehicle Weapons Level 3  
  172  14:04  Hellion x2  
  167  14:12  Smart Servos  
  167  14:19  Siege Tank x2  
  167  14:23  Siege Tank  
  176  14:28  Command Center x2  
  176  14:36  Liberator x2  
  182  14:43  Siege Tank  
  182  14:44  Siege Tank  
  188  14:53  Siege Tank x2  
  188  14:56  Siege Tank  
  197  15:06  Hellion  
  196  15:15  Siege Tank  
  196  15:16  Siege Tank  
  196  15:19  Liberator x2  
  196  15:25  Siege Tank  
  194  15:30  Siege Tank  
  194  15:31  SCV x2, Hellion x3  
  194  15:32  SCV x3  
  196  15:41  Orbital Command  
  196  15:43  SCV x2  
  196  15:44  SCV x2  
  197  15:52  Cyclone  
  199  16:05  Liberator x2  
  189  16:14  Siege Tank x3  
  198  16:25  Hellion x3  
Show
View Real Time Build Order
Export as new Build Order

SpeCial Terran 

Build Orders: Mech 

Get SALT Encoding   

  12  0:00  SCV  
  13  0:12  SCV  
  14  0:17  Supply Depot  
  14  0:24  SCV  
  15  0:38  SCV  
  15  0:40  Barracks  
  16  0:43  Refinery  
  16  0:51  SCV  
  16  0:53  Refinery  
  17  1:03  SCV  
  18  1:15  SCV  
  19  1:27  Reaper, Orbital Command  
  19  1:28  Supply Depot  
  20  1:41  Factory  
  20  1:53  SCV  
  21  1:59  Reaper  
  22  2:05  SCV  
  23  2:18  Command Center  
  23  2:20  SCV  
  24  2:25  Hellion  
  26  2:31  Reaper  
  26  2:32  SCV  
  26  2:36  Supply Depot  
  28  2:44  SCV  
  28  2:47  Hellion  
  31  2:51  Starport  
  31  2:58  SCV  
  32  3:04  Barracks Tech Lab  
  32  3:09  Factory Tech Lab  
  32  3:10  SCV  
  33  3:23  Refinery  
  33  3:27  SCV  
  33  3:31  Orbital Command  
  34  3:34  Raven  
  34  3:39  SCV  
  37  3:45  Cyclone  
  40  3:51  SCV  
  40  3:54  Command Center  
  41  3:57  SCV  
  41  4:00  Marine  
  43  4:03  SCV  
  43  4:09  SCV  
  45  4:10  Refinery  
  45  4:15  SCV, Supply Depot  
  46  4:19  Raven  
  46  4:21  SCV  
  49  4:26  Siege Tank  
  49  4:28  SCV  
  53  4:33  Barracks Reactor  
  53  4:34  SCV  
  53  4:38  Supply Depot  
  54  4:40  SCV  
  55  4:46  SCV  
  55  4:52  SCV  
  57  4:58  SCV  
  58  5:01  Supply Depot, Siege Tank  
  58  5:04  SCV  
  58  5:05  Raven  
  64  5:07  Orbital Command  
  64  5:10  SCV  
  64  5:11  Marine x2  
  67  5:16  SCV  
  68  5:22  SCV  
  68  5:23  Orbital Command  
  68  5:27  Supply Depot  
  67  5:29  SCV, Marine x2  
  67  5:31  Engineering Bay  
  67  5:34  SCV, Siege Tank  
  74  5:41  SCV  
  72  5:46  SCV  
  72  5:49  SCV  
  70  5:53  SCV  
  71  5:58  SCV, Factory  
  71  6:01  SCV, Factory  
  71  6:02  Viking x2  
  77  6:04  Barracks Reactor, Missile Turret  
  77  6:07  Siege Tank  
  77  6:08  SCV  
  77  6:09  Missile Turret  
  82  6:11  SCV  
  82  6:13  SCV  
  82  6:15  Refinery  
  82  6:17  Refinery  
  83  6:20  SCV  
  83  6:23  SCV, Missile Turret  
  83  6:25  SCV  
  84  6:32  Viking x2  
  88  6:36  SCV x2  
  88  6:37  SCV  
  88  6:39  Siege Tank  
  93  6:48  SCV x2  
  93  6:49  SCV  
  93  6:50  Siege Tank  
  97  7:00  SCV x2  
  99  7:01  Viking  
  99  7:02  Supply Depot x2  
  99  7:05  Supply Depot  
  99  7:06  Supply Depot  
  101  7:12  Supply Depot  
  101  7:15  Viking  
  101  7:16  Hellion  
  101  7:17  SCV  
  101  7:20  SCV  
  101  7:22  SCV  
  99  7:31  Viking  
  99  7:32  Siege Tank x2  
  99  7:34  SCV  
  95  7:41  Hellion  
  95  7:42  Hellion  
  99  7:45  Orbital Command, Viking  
  98  8:01  Viking  
  98  8:02  SCV  
  98  8:03  SCV  
  98  8:04  Siege Tank  
  101  8:15  SCV, Viking  
  101  8:18  SCV x2  
  97  8:23  Hellion x2  
  97  8:25  Siege Tank  
  103  8:27  SCV  
  103  8:30  SCV x2  
  103  8:31  Refinery x2, Viking  
  106  8:39  SCV  
  106  8:40  Siege Tank  
  110  8:45  Hellion x2  
  112  8:53  Viking  
  112  8:55  SCV x2  
  107  8:57  Siege Tank  
  107  9:01  Viking  
  112  9:02  Supply Depot  
  112  9:06  Hellion x2  
  116  9:19  Sensor Tower  
  116  9:20  Command Center  
  116  9:22  SCV x2, Siege Tank  
  116  9:23  SCV  
  122  9:27  Hellion, Viking  
  126  9:31  Viking  
  126  9:34  Infernal Pre-Igniter  
  126  9:35  Siege Tank  
  129  9:42  SCV x3  
  130  9:46  Factory  
  130  9:47  Factory  
  130  9:56  Hellion x2  
  130  9:57  Viking  
  135  10:00  SCV  
  135  10:01  SCV x2, Viking  
  140  10:07  Siege Tank  
  140  10:13  SCV x2  
  141  10:16  Refinery  
  141  10:17  Hellion x2  
  141  10:18  Refinery  
  145  10:24  Mag-Field Accelerator  
  145  10:26  Siege Tank  
  148  10:28  SCV x3  
  149  10:37  Orbital Command  
  149  10:38  Hellion  
  149  10:39  Hellion  
  149  10:40  Siege Tank  
  156  10:43  Factory Tech Lab, Factory Reactor  
  156  10:48  Viking x2  
  160  10:50  Supply Depot  
  160  10:51  Supply Depot  
  160  10:54  Armory  
  160  10:55  Armory  
  160  10:58  Command Center  
  160  10:59  Siege Tank  
  160  11:00  Hellion x2, Missile Turret  
  160  11:03  Siege Tank  
  169  11:06  Supply Depot  
  169  11:17  Viking  
  169  11:18  Viking  
  171  11:21  Hellion x2  
  171  11:22  Hellion x2  
  165  11:38  SCV x3  
  165  11:39  SCV, Missile Turret  
  169  11:42  Thor  
  169  11:43  Thor x2  
  169  11:46  Hellion  
  169  11:47  Hellion, Missile Turret  
  190  11:48  Barracks  
  190  11:49  Hellion  
  191  12:04  Supply Depot  
  191  12:06  Terran Vehicle And Ship Armor Level 1, Terran Vehicle Weapons Level 1  
  190  12:10  Viking x2  
  173  12:26  Siege Tank x2  
  173  12:28  Barracks  
  176  12:37  Hellion  
  176  12:38  Hellion x3  
  176  12:40  Viking x2  
  176  12:42  Orbital Command  
  176  12:43  Siege Tank  
  184  12:48  SCV  
  184  12:49  SCV x2  
  188  12:58  Siege Tank  
  190  13:05  Hellion  
  175  13:06  Factory  
  175  13:07  Factory, Siege Tank  
  167  13:13  SCV x3  
  167  13:15  Siege Tank  
  167  13:16  Hellion  
  161  13:22  Viking x2  
  161  13:25  SCV x3  
  152  13:30  Siege Tank  
  157  13:34  Hellion x3  
  157  13:39  Siege Tank  
  157  13:40  SCV x3  
  167  13:52  Orbital Command, Viking x2  
  168  13:59  Thor  
  168  14:00  Hellion  
  157  14:06  Siege Tank  
  157  14:07  Factory Tech Lab x2  
  157  14:09  Hellion x2  
  158  14:11  Siege Tank  
  161  14:17  Terran Vehicle Weapons Level 2  
  161  14:29  Liberator  
  162  14:32  Hellion  
  162  14:33  Hellion x3  
  162  14:34  Cyclone  
  173  14:42  SCV x3  
  176  14:48  Siege Tank  
  176  14:50  Orbital Command, Cyclone  
  178  15:02  Cyclone  
  178  15:03  Hellion x3  
  189  15:07  Hellion  
  189  15:09  SCV x2  
  191  15:17  Viking x2  
  191  15:19  Hellion  
  189  15:23  Hellion  
  189  15:26  Cyclone x2  
  189  15:27  Hellion  
  199  15:29  Hellion  
  199  15:32  Orbital Command  
  189  15:36  Hellion x2  
  189  15:37  Cyclone  
  194  15:48  Siege Tank  
  191  15:51  Hellion x3  
  197  15:57  Hellion  
  199  16:06  Siege Tank  
  190  16:13  Siege Tank  
  190  16:17  Hellion  
  193  16:24  Hellion  
Tags
 
Add a new tag
Caveats
  • Supply blocks, unpowered buildings, or Contaminate may cause inaccurate times.
  • Supply counts are checked every 10 seconds.